 Dungeon Crawl Stone Soup version 0.23.2-1-ga50397a6bc (webtiles) character file.

Game seed: 2351623045865222821

41 I3lackI3ear the Conjurer (level 3, 0/19 HPs)
             Began as a Deep Elf Conjurer on May 5, 2019.
             Slain by a leopard gecko (2 damage)
             ... on level 2 of the Dungeon.
             The game lasted 00:18:57 (1496 turns).

I3lackI3ear the Conjurer (Deep Elf Conjurer)        Turns: 1496, Time: 00:18:58

Health: 0/19       AC:  2    Str:  5    XL:     3   Next: 32%
Magic:  4/10       EV: 13    Int: 20    God:
Gold:   49         SH:  0    Dex: 15    Spells: 5/9 levels left

rFire    . . .     SeeInvis .   (no weapon)
rCold    . . .     Gourm    .   (no shield)
rNeg     . . .     Faith    .   a - +0 robe
rPois    .         Spirit   .   (no helmet)
rElec    .         Reflect  .   (no cloak)
rCorr    .         Harm     .   (no gloves)
MR       .....                  (no boots)
Stlth    ++........             (no amulet)
HPRegen  0.06/turn              (no ring)
MPRegen  0.12/turn              (no ring)

@: no status effects
A: no striking features
a: no special abilities


You were on level 2 of the Dungeon.
You were near starving.

You visited 1 branch of the dungeon, and saw 2 of its levels.

You collected 49 gold pieces.

Inventory:

Hand Weapons
 f - a +0 dagger
 h - a +0 club
Missiles
 g - 3 curare-tipped needles
 i - 4 silver javelins (quivered)
 k - 5 tomahawks
 m - 30 stones
Armour
 a - a +0 robe (worn)
Scrolls
 b - a scroll of fog
 d - a scroll of random uselessness {unknown}
 j - 3 scrolls of identify {unknown}
Potions
 e - 2 potions of lignification {unknown}
 l - a potion of resistance {unknown}
Comestibles
 c - 3 rations


   Skills:
 + Level 2.6 Dodging
 + Level 2.5 Stealth
 + Level 3.5 Spellcasting
 + Level 5.3 Conjurations


You had 5 spell levels left.
You knew the following spells:

 Your Spells              Type           Power        Failure   Level  Hunger
a - Magic Dart            Conj           ###.         1%          1    None
b - Dazzling Spray        Conj/Hex       ##....       14%         3    ###....

Your spell library contained the following spells:

 Spells                   Type           Power        Failure   Level  Hunger
 Searing Ray              Conj           ###...       2%          2    ##.....
 Iskenderun's Mystic Bla  Conj           ###.....     16%         4    ####...
 Force Lance              Conj/Tloc      ##......     41%         4    ####...
 Fulminant Prism          Conj/Hex       ##........   41%         4    ####...


Dungeon Overview and Level Annotations

Branches:
Dungeon (2/15)

Altars:


Message History

The leopard gecko is too close now for your liking.
Your magical contamination has completely faded away.
Casting: Dazzling Spray (safe; 14% risk of failure)
Confirm with . or Enter, or press ? or * to list all spells.
You don't have enough magic to cast that spell.
Unknown command.
Unknown command.
You can't go down here!
Unknown command.
The leopard gecko barely misses you. The leopard gecko misses you.
Sorry, you're not good enough to have a special ability.
Sorry, you're not good enough to have a special ability.
The leopard gecko bites you.
* * * LOW HITPOINT WARNING * * *
The leopard gecko bites you.
* * * LOW HITPOINT WARNING * * *
The leopard gecko barely misses you. The leopard gecko barely misses you.
The leopard gecko bites you.
You die...

l....................
..##.......#.######..
#.......#.# #.......#.#
#.......#.# +.......#.#
#.......#.# .#
####.......#.######...##
...............l@.......
#######.##.#.######...##
........#.....# ....
####.##.#.###.##.. #
#.##.#........
#######.##.#.###.#.#
.................#
........##.####..#
########.........#.#


You could see a leopard gecko.

Vanquished Creatures
  3 dart slugs (D:1)
  2 leopard geckos (D:2)
  9 giant cockroaches (D:1)
  5 goblins (D:1)
  2 hobgoblins (D:1)
  A frilled lizard (D:1)
  2 kobolds (D:1)
  5 rats
29 creatures vanquished.

Notes
Turn   | Place    | Note
-------+----------+-------------------------------------------
     0 | D:1      | I3lackI3ear the Deep Elf Conjurer began the quest for the
                  | Orb.
     0 | D:1      | Reached XP level 1. HP: 10/10 MP: 6/6
   266 | D:1      | Reached XP level 2. HP: 15/15 MP: 5/8
   351 | D:1      | Reached skill level 5 in Conjurations
   602 | D:1      | Reached XP level 3. HP: 19/19 MP: 5/9
   648 | D:1      | Learned a level 3 spell: Dazzling Spray
  1496 | D:2      | Slain by a leopard gecko

Skill      XL: |  1  2 |
---------------+-------+-----
Conjurations   | 5 |  5.3
Dodging        | |  2.6
Stealth        | |  2.5
Spellcasting   | |  3.5

Action                   || total
-------------------------++-------
Melee: Unarmed           ||     2
 Cast: Magic Dart        ||    45
       Dazzling Spray    ||    15
  Use: Scroll            ||     1
  Eat: Chunk             ||     1
Armor: Robe              ||    12
Dodge: Dodged            ||    48
